 Dungeon Crawl Stone Soup version 0.24-a0-235-g3f03afc (webtiles) character file.

Game seed: 5705338315136156696

1645 xeno23 the Covert (level 8, -4/54 HPs)
             Began as an Octopode Assassin on Apr 8, 2019.
             Was a Follower of Uskayaw.
             Shot with an arrow by a centaur warrior (13 damage)
             ... on level 9 of the Dungeon.
             The game lasted 00:15:49 (4818 turns).

xeno23 the Covert (Octopode Assassin)               Turns: 4818, Time: 00:15:50

Health: -4/54      AC:  1    Str: 11    XL:     8   Next: 99%
Magic:  12/12      EV: 13    Int: 13    God:    Uskayaw [*.....]
Gold:   281        SH:  0    Dex: 15    Spells: 9/12 levels left

rFire    . . .     SeeInvis .   a - +1 dagger (protect)
rCold    . . .     Gourm    .   (no shield)
rNeg     . . .     Faith    .   (helmet restricted)
rPois    .         Spirit   .   w - amulet of regeneration
rElec    .         Reflect  .   (no ring)
rCorr    .         Harm     .   (no ring)
MR       .....                  (no ring)
Stlth    +++++.....             (no ring)
HPRegen  0.18/turn              (no ring)
MPRegen  0.13/turn              (no ring)
                                (no ring)
                                (no ring)

@: no status effects
A: almost no armour, stealthy swim, amphibious, 8 rings, constrict 8, camouflage
1, gelatinous body 1
a: Stomp, Renounce Religion


You were on level 9 of the Dungeon.
You worshipped Uskayaw.
Uskayaw was noncommittal.
You were hungry.

You visited 2 branches of the dungeon, and saw 8 of its levels.

You collected 281 gold pieces.

Inventory:

Hand Weapons
 a - a +1 dagger of protection (weapon)
 b - a +0 blowgun
 B - a +1 falchion of holy wrath
Missiles
 c - 18 poisoned needles
 d - 2 curare-tipped needles
 y - a throwing net (quivered)
Jewellery
 i - an uncursed amulet of rage
 w - an amulet of regeneration (around mantle)
 E - an uncursed amulet of faith
Wands
 C - a wand of iceblast (7)
 D - a wand of polymorph (9)
Scrolls
 g - 2 scrolls of identify
 h - 10 scrolls of remove curse
 k - a scroll of fear {unknown}
 m - a scroll of blinking {unknown}
 p - a scroll of noise {unknown}
 q - a scroll of teleportation
 r - a scroll of magic mapping {unknown}
 s - 2 scrolls of enchant armour {unknown}
 x - a scroll of vulnerability {unknown}
 A - a scroll of amnesia {unknown}
 F - a scroll of fog {unknown}
Potions
 e - 2 potions of flight
 j - 3 potions of magic
 n - 3 potions of ambrosia
 o - a potion of agility
 t - a potion of lignification
 u - a potion of brilliance
 z - a potion of invisibility {unknown}
Comestibles
 f - 9 rations


   Skills:
 + Level 4.6 Fighting
 * Level 6.4 Short Blades
 - Level 2.0 Throwing
 - Level 1.0 Dodging
 + Level 8.1 Stealth
 + Level 2.7 Spellcasting
 + Level 3.0 Conjurations
 * Level 4.6 Hexes


You had 9 spell levels left.
You knew the following spells:

 Your Spells              Type           Power        Failure   Level  Hunger
a - Dazzling Spray        Conj/Hex       ##....       14%         3    ###....

Your spell library contained the following spells:

 Spells                   Type           Power        Failure   Level  Hunger
 Magic Dart               Conj           #...         7%          1    #......
 Searing Ray              Conj           #.....       10%         2    ###....
 Poisonous Vapours        Pois/Air       #.....       34%         2    ###....
 Conjure Flame            Conj/Fire      #.......     36%         3    ###....
 Mephitic Cloud           Conj/Pois/Air  #.......     43%         3    ###....
 Fulminant Prism          Conj/Hex       ##........   43%         4    #####..
 Iskenderun's Mystic Bla  Conj           #.......     54%         4    #####..
 Force Lance              Conj/Tloc      #.......     77%         4    #####..
 Freezing Cloud           Conj/Ice/Air   #.........   100%        6    #######
 Ring of Flames           Chrm/Fire      #.........   100%        7    #######


Dungeon Overview and Level Annotations

Branches:
Dungeon (9/15)             Temple (1/1) D:6
   Lair: D:8-11         Orc: D:9-12

Altars:
Ashenzari
Cheibriados
Dithmenos
Elyvilon
Fedhas
Gozag
Hepliaklqana
Kikubaaqudgha
Makhleb
Nemelex Xobeh
Okawaru
Qazlal
Ru
Sif Muna
Trog
Uskayaw
Vehumet
Xom
Yredelemnul
Zin
The Shining One

Annotations:
D:9 exclusion: troll


Innate Abilities, Weirdness & Mutations

You cannot wear most types of armour.
You are very stealthy in the water. (Stealth+)
You are amphibious.
You can wear up to eight rings at the same time.
You can use your tentacles to constrict eight enemies at once.
Your skin changes colour to match your surroundings (Stealth+).
Your rubbery body absorbs attacks. (AC +1, EV +1)


Message History

Aiming: Polymorph
Press: ? - help, Shift-Dir - straight line, f - centaur warrior
Aim: a centaur warrior, wielding a +0 longbow (chance to defeat MR: 28%)
Okay, then.
Okay, then.
Drop what? 32/52 slots (_ for help) (? for menu, Esc to quit)
Okay, then.
As you read the scroll of teleportation, it crumbles to dust.
You feel strangely unstable.
The centaur warrior shoots an arrow.
The arrow hits you!
* * * LOW HITPOINT WARNING * * *
You hear a shout!
You take 17 damage.
It was a potion of cancellation.
You feel strangely stable.
You feel magically purged.
The centaur warrior shoots an arrow.
The arrow completely misses you.
It was a potion of curing.
You feel better.
The centaur warrior shoots an arrow.
The arrow hits you!
You die...

##......).## #.# #
##.......# #.# ..#
#######.## #.####....
####..## ####.#c......
##......#####c.c....#
##........##.(.##.##.#
#............####.# #
#..†........## ..#
#..†.......@# #.##
#..........## #. #
#..........# #. #..
##......(>## T. #.#
##(.......## ..
#..........# .
#..........#
#..........#
#..........#


You could see a centaur warrior.

Vanquished Creatures
  A hungry ghost (D:8)
  A water moccasin (D:8)
  Duvessa (D:6)
  3 ogres
  4 bullfrogs
  A wyvern zombie (D:8)
  Dowan (D:6)
  3 crimson imps
  A quasit (D:7)
  A hound (D:6)
  Jessica (D:3)
  An iguana (D:9)
  4 orc wizards
  4 worker ants
  A hound skeleton (D:6)
  A worker ant zombie (D:6)
  3 gnolls (D:8)
  10 adders
  2 shadow imps (D:7)
  A worm (D:2)
  3 dart slugs
  3 leopard geckos
  16 orcs
  2 ball pythons
  12 bats
  A giant cockroach (D:6)
  5 hobgoblins
  4 jackals
  5 kobolds
  2 quokkas
  6 frilled lizards
  8 goblins
  8 rats
120 creatures vanquished.

Notes
Turn   | Place    | Note
-------+----------+-------------------------------------------
     0 | D:1      | xeno23 the Octopode Assassin began the quest for the Orb.
     0 | D:1      | Reached XP level 1. HP: 14/14 MP: 1/1
   161 | D:1      | Reached XP level 2. HP: 19/19 MP: 2/2
   737 | D:2      | Reached XP level 3. HP: 25/25 MP: 3/3
   862 | D:2      | Reached XP level 4. HP: 30/30 MP: 4/4
   896 | D:2      | Reached skill level 6 in Stealth
   987 | D:2      | Found a faded altar of an unknown god.
  1251 | D:3      | Noticed a sky beast
  1586 | D:3      | Reached XP level 5. HP: 23/36 MP: 5/5
  1905 | D:3      | Noticed Jessica
  1913 | D:3      | Killed Jessica
  2099 | D:3      | Learned a level 3 spell: Dazzling Spray
  2122 | D:3      | You fall through a shaft for 3 floors!
  2183 | D:6      | Noticed Dowan
  2194 | D:6      | Reached XP level 6. HP: 42/42 MP: 6/6
  2250 | D:7      | Reached skill level 1 in Hexes
  2365 | D:7      | Reached skill level 1 in Conjurations
  2465 | D:7      | Reached skill level 1 in Spellcasting
  2502 | D:7      | Reached XP level 7. HP: 46/46 MP: 8/8
  2519 | D:7      | Reached skill level 5 in Short Blades
  2519 | D:7      | Reached skill level 7 in Stealth
  2972 | D:6      | Found a staircase to the Ecumenical Temple.
  2986 | Temple   | Entered the Ecumenical Temple
  3073 | Temple   | Became a worshipper of Uskayaw the Reveler
  3104 | D:6      | Reached * piety under Uskayaw
  3131 | D:6      | Reached ** piety under Uskayaw
  3140 | D:6      | Reached *** piety under Uskayaw
  3143 | D:6      | Reached **** piety under Uskayaw
  3429 | D:6      | Killed Dowan
  3429 | D:6      | Reached XP level 8. HP: 48/54 MP: 10/10
  3429 | D:6      | Noticed Duvessa
  3489 | D:6      | Killed Duvessa
  4302 | D:8      | Reached skill level 8 in Stealth
  4793 | D:9      | Noticed a troll
  4809 | D:9      | Noticed a centaur warrior
  4816 | D:9      | HP: 2/54 [centaur warrior/arrow (17)]
  4818 | D:9      | Shot with an arrow by a centaur warrior

Levels and vault maps discovered:
D:1:      dpeg_arrival_water_fire, layout_basic
D:2:      layout_basic, chequers_ecumenical_altar_island,
          hangedman_feature_mirror
D:3:      layout_loops_cross, lemuel_coloured_pillars_altar, first_ration,
          minivault_26, uniq_jessica
D:6:      layout_gridville, temple_fountains, uniq_duvessa
D:7:      layout_gridville
D:8:      layout_loops_corners
D:9:      layout_rooms, uniq_erica
Temple:   grunt_wide_crystal_templ

Skill      XL: |  1  2  3  4  5  6  7  8 |
---------------+-------------------------+-----
Short Blades   | 3 4 5 6 |  6.4
Stealth        | 6 7 8 |  8.1
Fighting       | 3 4 |  4.6
Hexes          | 1 3 4 |  4.6
Conjurations   | 1 2 3 |  3.0
Spellcasting   | 1 2 |  2.7
Throwing       | |  2.0
Dodging        | |  1.0

Action                   |  1- 3 |  4- 6 |  7- 9 || total
-------------------------+-------+-------+-------++-------
Melee: Dagger            |    52 |   113 |   136 ||   301
       Constrict         |    10 |    30 |    23 ||    63
       Tentacles         |     8 |    24 |    26 ||    58
 Cast: Dazzling Spray    |       |       |     4 ||     4
  Use: Scroll            |       |       |    11 ||    11
       Potion            |       |       |     2 ||     2
 Stab: Sleeping          |    11 |    17 |    13 ||    41
       Distracted        |       |     1 |     1 ||     2
       Paralysed         |       |       |     3 ||     3
       Invisible         |       |       |     1 ||     1
  Eat: Chunk             |       |     5 |     4 ||     9
       Ration            |       |       |     2 ||     2
Armor: Skin              |     6 |    15 |    14 ||    35
Dodge: Dodged            |    34 |    67 |    56 ||   157

Table legend:
 A = Non-vault XP
 B = Vault XP
 C = Vault XP percentage of total XP
 D = Non-vault monster count
 E = Vault monster count
 F = Vault count percentage of total count
                 A         B        C        D         E       F
            +---------+---------+-------+---------+---------+-------
      Total |    2094 |     257 |  10.9 |     115 |       5 |   4.2
            +---------+---------+-------+---------+---------+-------
        D:1 |      24 |       0 |   0.0 |      15 |       0 |   0.0
        D:2 |      92 |       3 |   3.2 |      24 |       2 |   7.7
        D:3 |     101 |      37 |  26.8 |      27 |       1 |   3.6
        D:6 |     418 |     217 |  34.2 |      17 |       2 |  10.5
        D:7 |     479 |       0 |   0.0 |      14 |       0 |   0.0
        D:8 |     809 |       0 |   0.0 |      14 |       0 |   0.0
        D:9 |     171 |       0 |   0.0 |       4 |       0 |   0.0
            +---------+---------+-------+---------+---------+-------
